[Event "Early-Titled-Tuesday-Blitz-February-27-2024"]
[Site "Chess.com"]
[Date "2024.02.27"]
[Round "8"]
[White "Fluffey"]
[Black "Suleyman_Chess06"]
[Result "1-0"]
[WhiteElo "2523"]
[BlackElo "2685"]
[TimeControl "180+1"]
[EndTime "9:27:24 PST"]
[Termination "Fluffey won by checkmate"]

1. d4 d5 2. Bf4 Nf6 3. e3 e6 4.
Nf3 Bd6 5. Ne5 c5 6. Nd2 Nc6 7. c3 O-O 8. Bd3 Qc7 9. Ndf3 Ne4 10. O-O f5 11. Rc1 Bd7 12. c4 cxd4 13. exd4 Nxe5 14. Bxe5 Bc6 15. c5 Bxe5 16. Nxe5 Rf6 17. b4 Rh6 18. b5 Be8 19. f3 Nf6 20. Re1 Nd7 21.
Qd2 Rc8 22. a4 Nxe5 23. Rxe5 Rf6 24. Rce1 Bd7 25. Bb1 Rcf8 26. Qb4 b6 27. c6 Bc8 28. Ba2 g5 29. R1e2 g4 30. f4 h5 31. Qe1 Qe7 32.
Bxd5 Qd6 33. Bxe6+ Bxe6 34. Rxe6 Qxd4+ 35. Kh1 Rxe6 36.
Rxe6 Qxf4 37. Re7 Qc4 38. Qe6+ Qxe6 39. Rxe6 Rd8 40. Kg1 Kf7 41. Rh6 Kg7 42. Rxh5 Kg6 43. Rh4 Rd4 44. Rh8 Rc4 45. Ra8 f4 46. Rxa7 g3 47.
hxg3 fxg3 48. Kf1 Rc2 49. c7 Kf5 50. a5 bxa5 51. b6 Ke4 52. Rxa5 Rc3 53. b7 Rxc7 54. b8=Q Rc1+ 55. Ke2 Rc2+ 56. Kd1 Rc4 57. Qe5+ Kd3 58. Ra3+ Rc3 59. Rxc3# 1-0

[Event "Early-Titled-Tuesday-Blitz-February-27-2024"]
[Site "Chess.com"]
[Date "2024.02.27"]
[Round "8"]
[White "Vse_po_kaify"]
[Black "VitaliyChayka"]
[Result "1-0"]
[WhiteElo "2230"]
[BlackElo "2501"]
[TimeControl "180+1"]
[EndTime "9:27:24 PST"]
[Termination "Vse_po_kaify won by checkmate"]

1. e4 d6 2. c4 Nf6 3. Nc3 e5 4. g3 c5 5. Bg2 Nc6 6. Nge2 g6 7.
O-O Bg7 8. d3 O-O 9. f4 Nd4 10.
f5 gxf5 11. Bg5 h6 12. Bh4 Bd7 13. Nxd4 exd4 14. Nd5 Be6 15. exf5 Bxd5 16. Bxd5 Re8 17. Bxf6 Qxf6 18. Qh5 Re7 19. Rae1 Rae8 20. Rxe7 Rxe7 21.
Rf4 Re1+ 22. Kf2 Re3 23. Re4 Rxd3 24. Re8+ Bf8 25. Qg6+ Qxg6 26. fxg6 Rd2+ 27. Kf3 Rxb2 28. gxf7+ Kg7 29. Re4 Rxa2 30. Rg4+ Kf6 31. Rf4+ Ke7 32. Re4+ Kf6 33. Rf4+ Ke7 34. Re4+ Kd7 35. Re8 Bg7 36. Rg8 Ra3+ 37. Kg4 d3 38. Rxg7 Ke7 39. Rg8 d2 40. f8=Q+ Kd7 41. Qd8# 1-0

[Event "Early-Titled-Tuesday-Blitz-February-27-2024"]
[Site "Chess.com"]
[Date "2024.02.27"]
[Round "8"]
[White "Pliukha_Mikhail"]
[Black "mishanick"]
[Result "0-1"]
[WhiteElo "2746"]
[BlackElo "3071"]
[TimeControl "180+1"]
[EndTime "9:27:26 PST"]
[Termination "mishanick won on time"]

1. e4 c5 2. d4 cxd4 3. Qxd4 Nc6 4. Qd3 e6 5. Nc3 a6 6. Bf4 b5 7. Nf3 Bb7 8. Be2 Nge7 9. O-O Ng6 10. Bg3 b4 11. Nd5 Rc8 12. Rfe1 Bc5 13. Ne3 O-O 14. h4 d6 15. Rad1 Nge5 16. Nxe5 dxe5 17. Ng4 Qxd3 18. Rxd3 f6 19. Rd7 Rf7 20. Rxf7 Kxf7 21. Rd1 Rc7 22. h5 Nd4 23. Bd3 Ba7 24. Kh2 a5 25. h6 g5 26.
Rd2 Kg6 27. f3 a4 28. Kh3 a3 29. bxa3 bxa3 30. Kh2 Bb6 31. Kh3 Bc8 32. Kh2 Bd7 33.
Rd1 Ba4 34. Rb1 Ba7 35. Nxe5+ fxe5 36. Bxe5 Rd7 37. Rb4 Bxc2 38. Bxd4 Bxd3 39. Bxa7 Rxa7 40. Rb6 Bc4 0-1

[Event "Early-Titled-Tuesday-Blitz-February-27-2024"]
[Site "Chess.com"]
[Date "2024.02.27"]
[Round "8"]
[White "Rodalquilar"]
[Black "laziestwin"]
[Result "1-0"]
[WhiteElo "2794"]
[BlackElo "2589"]
[TimeControl "180+1"]
[EndTime "9:27:26 PST"]
[Termination "Rodalquilar won on time"]

1. d4 d6 2. e4 e5 3. Nf3 Nd7 4.
Bc4 Be7 5. O-O Ngf6 6. Re1 O-O 7. a4 c6 8. Nc3 h6 9. a5 Rb8 10. h3 b5 11. axb6 axb6 12. d5 b5 13. Bb3 c5 14.
Nb1 c4 15. Ba2 Nc5 16. Nfd2 Ra8 17. Na3 Bd7 18. c3 Nd3 19. Rf1 Qb6 20. Ndxc4 bxc4 21. Nxc4 Qc7 22. Qxd3 Bb5 23. b3 Nd7 24. Bb2 Nc5 25. Qc2 Bxc4 26. bxc4 Rfb8 27. Bb1 Qb6 28. Rxa8 Rxa8 29.
Bc1 Rb8 30. Be3 Bg5 31. Qe2 Bxe3 32. Qxe3 Qb2 33. f4 exf4 34. Qxf4 Rb7 35. Qxd6 Nb3 36. e5 1-0

[Event "Early-Titled-Tuesday-Blitz-February-27-2024"]
[Site "Chess.com"]
[Date "2024.02.27"]
[Round "8"]
[White "SARGISMV"]
[Black "Witik"]
[Result "1-0"]
[WhiteElo "2494"]
[BlackElo "2699"]
[TimeControl "180+1"]
[EndTime "9:27:26 PST"]
[Termination "SARGISMV won by resignation"]

1. d4 Nf6 2. c4 e6 3. Nc3 Bb4 4. e3 O-O 5. Nf3 c5 6. Bd2 cxd4 7.
exd4 d5 8. a3 Be7 9. c5 b6 10.
b4 bxc5 11. dxc5 d4 12. Nb5 Nc6 13. Bf4 Nd5 14. Bd6 e5 15. Nxe5 Bxd6 16. Nxc6 Qe8+ 17. Be2 Qxc6 18. Nxd4 Qb7 19. cxd6 Nc3 20. Bf3 Re8+ 21. Kf1 Qa6+ 22. b5 Qxd6 23. Qd3 Bf5 24. Qxc3 Qe5 25.
Bxa8 Rxa8 26. Re1 Qd5 27. Qc6 Bd3+ 28. Kg1 Qd8 29. h4 Rc8 30. Qb7 h6 31. Nc6 Qf8 32. Qxc8 1-0

[Event "Early-Titled-Tuesday-Blitz-February-27-2024"]
[Site "Chess.com"]
[Date "2024.02.27"]
[Round "8"]
[White "Nikolakis2014"]
[Black "NLLO777"]
[Result "1-0"]
[WhiteElo "2745"]
[BlackElo "2543"]
[TimeControl "180+1"]
[EndTime "9:27:26 PST"]
[Termination "Nikolakis2014 won on time"]

1. d4 Nf6 2. c4 c5 3. d5 b5 4. cxb5 a6 5. e3 d6 6. Nc3 g6 7. e4 Bg7 8. a4 axb5 9. Bxb5+ Nbd7 10. Nf3 O-O 11. O-O Ba6 12. Ra3 Ne8 13. Bd2 Nc7 14. Qa1 Qc8 15. Rb1 Bxb5 16. axb5 Qb7 17. Qa2 Rfb8 18. h3 Ne5 19. Nxe5 Bxe5 20. h4 h5 21. g3 Kh7 22. Kg2 Rxa3 23. bxa3 Bxc3 24. Bxc3 Nxb5 25. a4 Qa6 26. Ba1 f6 27. Qb3 c4 28.
Qb4 c3 29. axb5 c2 30. Rc1 Rxb5 31. Qc4 Qa3 32. Qxc2 Rb4 33. Qc7 Rxe4 34. Bxf6 1-0

[Event "Early-Titled-Tuesday-Blitz-February-27-2024"]
[Site "Chess.com"]
[Date "2024.02.27"]
[Round "8"]
[White "Oleksandr_Bortnyk"]
[Black "MessiKingdom"]
[Result "1-0"]
[WhiteElo "3066"]
[BlackElo "2667"]
[TimeControl "180+1"]
[EndTime "9:27:27 PST"]
[Termination "Oleksandr_Bortnyk won on time"]

1. e4 c6 2. c4 d5 3. cxd5 cxd5 4. exd5 Nf6 5. Qa4+ Nbd7 6. Nc3 g6 7. Nf3 Bg7 8. Bc4 O-O 9. d3 a6 10. Qa3 Nb6 11. Qb3 Nxc4 12. dxc4 e6 13. O-O b5 14. cxb5 exd5 15. b6 Rb8 16. Be3 Be6 17. Bd4 Nd7 18. b7 Bxd4 19. Nxd4 Qb6 20. Qxb6 Nxb6 21. Rfe1 Rfe8 22.
a4 Rxb7 23. a5 Nc4 24. Nxd5 Kg7 25. b3 Nd2 26. Nb6 Rbe7 27. b4 Bc4 28. Rxe7 Rxe7 29. f3 Nb3 30. Nxb3 Bxb3 31. Kf2 Rc7 32. Ke3 Be6 33. Kd4 Kf8 34. b5 axb5 35. a6 Ra7 36.
Kc5 Ke7 37. Kxb5 Kd6 38. f4 Bf5 39. Rd1+ Kc7 40. Nd5+ Kb8 41. Nb4 Bd7+ 42. Kb6 1-0

[Event "Early-Titled-Tuesday-Blitz-February-27-2024"]
[Site "Chess.com"]
[Date "2024.02.27"]
[Round "8"]
[White "Pedrada88"]
[Black "Fandorine"]
[Result "0-1"]
[WhiteElo "2578"]
[BlackElo "2888"]
[TimeControl "180+1"]
[EndTime "9:27:27 PST"]
[Termination "Fandorine won by resignation"]

1. d4 Nf6 2. Nf3 g6 3. Bg5 Bg7 4. Nbd2 O-O 5. c3 d6 6. e3 Nc6 7. Be2 Qe8 8. O-O e5 9. h3 Nd7 10. Qb3 Kh8 11. dxe5 Ncxe5 12. Nxe5 Qxe5 13. Nf3 Qe8 14.
Rad1 Nc5 15. Qa3 Qa4 16. Qxa4 Nxa4 17. Rd2 Be6 18. a3 Nc5 19. Bf4 a5 20. Nd4 Bd7 21. Bb5 Bxb5 22. Nxb5 Rfc8 23. f3 f5 24. g4 a4 25.
gxf5 gxf5 26. Kf2 Ra5 27. c4 Ne6 28. Rg1 d5 29. Rxd5 c6 30. Nd6 cxd5 31. Nxc8 Nxf4 32. Rd1 Nxh3+ 33. Kg3 Ng5 34. cxd5 Rc5 35. Ne7 Nf7 36. Nxf5 Bxb2 37. e4 Bxa3 38. d6 Rxf5 39. exf5 Bxd6+ 40. Kf2 Kg7 41. Rb1 a3 42. Rxb7 a2 43. Ra7 Bc5+ 0-1

[Event "Early-Titled-Tuesday-Blitz-February-27-2024"]
[Site "Chess.com"]
[Date "2024.02.27"]
[Round "8"]
[White "InitiatingASC"]
[Black "Predator0608"]
[Result "0-1"]
[WhiteElo "2358"]
[BlackElo "2560"]
[TimeControl "180+1"]
[EndTime "9:27:27 PST"]
[Termination "Predator0608 won on time"]

1. d4 a6 2. g3 g6 3. Bg2 Bg7 4. Nf3 d5 5. O-O Nf6 6. Bg5 b5 7. Qd2 Ne4 8. Qf4 h6 9. Ne5 Nxg5 10. h4 Bxe5 11. Qxe5 f6 12. Qxd5 Qxd5 13. Bxd5 c6 14. Bg2 Nf7 15. Nd2 Bb7 16. Nb3 Nd7 17.
a4 Nd6 18. Na5 Rc8 19. b3 Ba8 20. c4 bxc4 21. bxc4 c5 22. d5 Kf7 23. e4 Rb8 24. f4 Kg7 25. e5 Nf5 26. e6 Nb6 27. Kf2 Nc8 28. Rfb1 Ncd6 29. Bf1 h5 30. Bd3 g5 31. Kf3 gxh4 32. g4 Nd4+ 33. Ke3 hxg4 34. Rg1 g3 35.
Ra2 Kh6 36. Rh1 Kh5 37. Rg2 N6f5+ 38. Ke4 Kg4 0-1

[Event "Early-Titled-Tuesday-Blitz-February-27-2024"]
[Site "Chess.com"]
[Date "2024.02.27"]
[Round "8"]
[White "dretch"]
[Black "ChessQueen"]
[Result "1-0"]
[WhiteElo "2890"]
[BlackElo "2767"]
[TimeControl "180+1"]
[EndTime "9:27:28 PST"]
[Termination "dretch won by resignation"]

1. d4 Nf6 2. c4 e6 3. Nf3 d5 4.
Nc3 dxc4 5. e4 b5 6. e5 Nd5 7.
Nxb5 Nb6 8. Be2 Be7 9. Na3 Ba6 10. Nxc4 Bxc4 11. Bxc4 Nxc4 12. Qa4+ Qd7 13. Qxc4 O-O 14. O-O Nc6 15. Be3 Nb4 16. Bg5 Nd5 17. Bxe7 Qxe7 18.
Rfc1 Rfd8 19. Qc5 Qe8 20. Qa5 Rab8 21. b3 Rb7 22. Rc4 f6 23. exf6 gxf6 24. Re1 Rb6 25.
Qd2 Qg6 26. Ra4 a6 27. Rc4 Kh8 28. Nh4 Qh5 29. g3 Rg8 30. Ng2 Rd6 31. Qe2 Qf7 32. Qf3 f5 33. Nf4 Nf6 34. Rc6 Ne4 35. Rec1 Rxc6 36.
Rxc6 Qd7 37. Rxa6 Qxd4 38. Rxe6 Ra8 39. Re7 Rxa2 40. Re8+ 1-0

[Event "Early-Titled-Tuesday-Blitz-February-27-2024"]
[Site "Chess.com"]
[Date "2024.02.27"]
[Round "8"]
[White "xamax2000"]
[Black "Alexei_Gubajdullin"]
[Result "1-0"]
[WhiteElo "2834"]
[BlackElo "2642"]
[TimeControl "180+1"]
[EndTime "9:27:28 PST"]
[Termination "xamax2000 won on time"]

1. Nf3 Nf6 2. c4 g6 3. Nc3 Bg7 4. e4 d6 5. d4 O-O 6. Be2 Na6 7. O-O e5 8. Be3 c6 9. Qc2 Ng4 10. Bg5 f6 11. Bh4 g5 12. Bg3 f5 13. exf5 exd4 14.
Ne4 Bxf5 15. h3 Nf6 16. Nxf6+ Qxf6 17. Qd2 Nc5 18. Qxg5 d3 19. Qxf6 Bxf6 20. Bd1 Ne4 21. Bh2 Bxb2 22. Rb1 Ba3 23. Rxb7 Rfb8 24. Rc7 Rb1 25.
Bb3 Rxf1+ 26. Kxf1 Bc5 27. Rxc6 Re8 28. Rc7 d2 29. Bf4 Bb6 30. c5+ Be6 31. cxb6 Bxb3 32.
Nxd2 Bxa2 33. Nxe4 Rxe4 34. b7 Rxf4 35. b8=Q+ Rf8 36.
Qb2 1-0

[Event "Early-Titled-Tuesday-Blitz-February-27-2024"]
[Site "Chess.com"]
[Date "2024.02.27"]
[Round "8"]
[White "IMRosen"]
[Black "koncheto"]
[Result "0-1"]
[WhiteElo "2670"]
[BlackElo "2468"]
[TimeControl "180+1"]
[EndTime "9:27:28 PST"]
[Termination "koncheto won by checkmate"]

1. d4 Nf6 2. Bf4 e6 3. e3 c5 4. Nf3 d5 5. Nbd2 Bd6 6. Bb5+ Nc6 7.
O-O O-O 8. dxc5 Bxc5 9. c4 a6 10. Ba4 Bd7 11. Rc1 Be7 12. Bc2 Rc8 13. Bb1 Re8 14. h3 h6 15. Ne5 Nxe5 16. Bxe5 Bc6 17. Qc2 g6 18. Rfd1 Bd6 19. Qc3 Bxe5 20. Qxe5 Qe7 21. Nf3 dxc4 22. Nd4 Bd7 23. Ne2 Rc5 24. Qf4 Rg5 25. Qxc4 Bb5 26. Qc2 Bc6 27. g3 e5 28.
Qb3 Rd8 29. Rxd8+ Qxd8 30. Rd1 Qc8 31. Kh2 Qxh3+ 32. Kxh3 Rh5# 0-1

[Event "Early-Titled-Tuesday-Blitz-February-27-2024"]
[Site "Chess.com"]
[Date "2024.02.27"]
[Round "8"]
[White "AnaKuchava"]
[Black "maurovargas01"]
[Result "1-0"]
[WhiteElo "2161"]
[BlackElo "1861"]
[TimeControl "180+1"]
[EndTime "9:27:28 PST"]
[Termination "AnaKuchava won on time"]

1. d4 d5 2. Nf3 Bg4 3. Ne5 Bh5 4.
g4 f6 5. h4 fxe5 6. gxh5 e4 7.
Bh3 Qd6 8. c4 dxc4 9. e3 b5 10.
Qg4 Nc6 11. Qxe4 Nf6 12. Qc2 Rb8 13. a3 Nxh5 14. Nc3 a6 15. Ne4 Qg6 16. Bd2 Nf6 17. Nxf6+ Qxf6 18. O-O-O h6 19. Bc3 Qd6 20. d5 Ne5 21.
Qf5 Nd3+ 22. Kb1 g6 23. Qf3 Rg8 24. Rhg1 1-0

[Event "Early-Titled-Tuesday-Blitz-February-27-2024"]
[Site "Chess.com"]
[Date "2024.02.27"]
[Round "8"]
[White "dennisodessa"]
[Black "abeljusto"]
[Result "1-0"]
[WhiteElo "2589"]
[BlackElo "2094"]
[TimeControl "180+1"]
[EndTime "9:27:29 PST"]
[Termination "dennisodessa won on time"]

1. c4 Nf6 2. g3 e6 3. Bg2 d5 4. Nf3 Be7 5. O-O O-O 6. b3 d4 7. e3 c5 8. exd4 cxd4 9. a3 a5 10. Ne5 Nfd7 11. Re1 Nxe5 12. Rxe5 Bf6 13. Rb5 Nc6 14.
d3 e5 15. Nd2 Bf5 16. Rxb7 Qc8 17. Rb6 Ra6 18. Rxa6 Qxa6 19. Ne4 Be7 20. Bd2 Rb8 21. b4 axb4 22. axb4 Qb6 23. b5 Nb4 24. Qb3 Nc6 25.
Qa4 Nd8 26. Qa7 Qxa7 27. Rxa7 Kf8 28. f4 f6 29. fxe5 fxe5 30. Ba5 Ne6 31. Bc7 Nxc7 32. Rxc7 Ra8 33. h3 Ra1+ 34. Kh2 Rd1 35. b6 Bxe4 36.
Bxe4 Rb1 37. b7 Bd6 38. Rd7 1-0

[Event "Early-Titled-Tuesday-Blitz-February-27-2024"]
[Site "Chess.com"]
[Date "2024.02.27"]
[Round "8"]
[White "Rud_Makarian"]
[Black "GaiozNigalidze"]
[Result "1-0"]
[WhiteElo "3094"]
[BlackElo "2676"]
[TimeControl "180+1"]
[EndTime "9:27:30 PST"]
[Termination "Rud_Makarian won on time"]

1. Nf3 Nf6 2. c4 g6 3. Nc3 Bg7 4. g3 O-O 5. Bg2 d6 6. O-O e5 7. d3 c6 8. Rb1 a5 9. a3 Nbd7 10. b4 axb4 11. axb4 Qc7 12. b5 Nc5 13. Be3 e4 14. dxe4 Nfxe4 15. Nxe4 Nxe4 16. Bd4 Nc3 17. Bxc3 Bxc3 18. Nd4 Bxd4 19. Qxd4 Be6 20. Rfd1 Rfd8 21. h4 Ra4 22. bxc6 Rxc4 23. Qf6 bxc6 24. Rb7 Qc8 25.
h5 gxh5 26. Bh3 Rf8 27. Rxf7 Rxf7 28. Bxe6 Qf8 29. Rxd6 Rg4 30. Bxf7+ Qxf7 31. Rd8+ 1-0

[Event "Early-Titled-Tuesday-Blitz-February-27-2024"]
[Site "Chess.com"]
[Date "2024.02.27"]
[Round "8"]
[White "jefferyx"]
[Black "Chopper1905"]
[Result "1-0"]
[WhiteElo "3059"]
[BlackElo "2935"]
[TimeControl "180+1"]
[EndTime "9:27:31 PST"]
[Termination "jefferyx won by resignation"]

1. e4 c5 2. Nf3 d6 3. Nc3 Nf6 4. d4 cxd4 5. Qxd4 Nc6 6. Qd3 g6 7. Nd5 Bg7 8. c3 O-O 9. Bg5 Nxd5 10. exd5 Bf5 11. Qd2 Ne5 12. Nxe5 Bxe5 13. Be2 Rb8 14. a4 Bf6 15. Be3 a5 16. O-O Qc7 17. Rfe1 Rfd8 18. Bb5 Bd7 19. Qd3 Rdc8 20. Bxd7 Qxd7 21. Bb6 Ra8 22.
Qb5 Qxb5 23. axb5 a4 24. Ra3 Rc4 25. Kf1 Rac8 26. Rea1 Ra8 27. Ke2 e6 28. Rd1 Re8 29. dxe6 Rxe6+ 30. Kd3 d5 31. Be3 Be7 32. Ra2 Bc5 33.
Bxc5 Rxc5 34. Rxa4 Rxb5 35. b4 Rf6 36. f3 Kf8 37. Rda1 Rbb6 38. Ra8+ Ke7 39. Rb8 Rfd6 40. Kd4 Rd7 41. Ra5 Ke6 42. Re8+ Re7 43. Rxe7+ Kxe7 44. Rxd5 h5 45. b5 Rf6 46. c4 b6 47. c5 Rf4+ 48. Ke3 Rf6 49. c6 Re6+ 50. Kd4 Re1 51. Re5+ 1-0

[Event "Early-Titled-Tuesday-Blitz-February-27-2024"]
[Site "Chess.com"]
[Date "2024.02.27"]
[Round "8"]
[White "malakismayil"]
[Black "Chessbard1972"]
[Result "0-1"]
[WhiteElo "2618"]
[BlackElo "2460"]
[TimeControl "180+1"]
[EndTime "9:27:31 PST"]
[Termination "Chessbard1972 won on time"]

1. e4 c5 2. Nf3 a6 3. d4 cxd4 4. Nxd4 Nf6 5. Nc3 d6 6. Bc4 e5 7. Nf3 Be7 8. O-O O-O 9. Bg5 b5 10. Bxf6 bxc4 11. Bxe7 Qxe7 12. Qd5 Bb7 13. Qxc4 Rc8 14.
Qd3 Nd7 15. Rad1 Nf6 16. Qxd6 Qxd6 17. Rxd6 Nxe4 18. Nxe4 Bxe4 19. Nxe5 Rxc2 20. Rfd1 g6 21. R6d2 Rac8 22. f3 Bf5 23. g4 Be6 24. a3 f6 25.
Nd3 a5 26. Kf2 Bb3 27. Ne1 Rxb2 28. Rxb2 Bxd1 29. Rb6 Rc3 30. Rxf6 Rxa3 31. Ra6 a4 32. h4 Ra2+ 33. Kg3 a3 34. Nd3 Be2 35. Ra8+ Kg7 36. Nb4 Rb2 37. Nd5 Rb3 38. Nc7 Bxf3 39. Kf4 Bxa8 0-1

[Event "Early-Titled-Tuesday-Blitz-February-27-2024"]
[Site "Chess.com"]
[Date "2024.02.27"]
[Round "8"]
[White "CarlosjPineror"]
[Black "Chernov_Alexander_A"]
[Result "1-0"]
[WhiteElo "2549"]
[BlackElo "2339"]
[TimeControl "180+1"]
[EndTime "9:27:31 PST"]
[Termination "CarlosjPineror won on time"]

1. e4 d6 2. d4 Nf6 3. Nc3 Nbd7 4. Nf3 e5 5. Bc4 Be7 6. O-O O-O 7. h3 c6 8. a4 a5 9. Qe2 Qc7 10. dxe5 dxe5 11.
Nh4 Nc5 12. Nf5 Bxf5 13. exf5 Rfe8 14. Be3 e4 15. Bxf7+ Kxf7 16. Qc4+ Kf8 17. Bxc5 Qe5 18. Bd4 Qxf5 19. Rfe1 Rad8 20. Rad1 Bb4 21. Bxf6 gxf6 22. Rxd8 Rxd8 23. Rxe4 Bxc3 24. bxc3 Rd1+ 25. Kh2 Qxf2 26. Qe6 Rg1 27. Qe7+ Kg8 28. Rg4+ 1-0

[Event "Early-Titled-Tuesday-Blitz-February-27-2024"]
[Site "Chess.com"]
[Date "2024.02.27"]
[Round "8"]
[White "Flaccidmoves"]
[Black "VladimirBugayev"]
[Result "1-0"]
[WhiteElo "2451"]
[BlackElo "2246"]
[TimeControl "180+1"]
[EndTime "9:27:31 PST"]
[Termination "Flaccidmoves won on time"]

1. Nf3 c5 2. b3 Nc6 3. Bb2 d6 4.
e3 e5 5. Bb5 Ne7 6. d4 cxd4 7. exd4 e4 8. Nfd2 d5 9. O-O a6 10. Be2 f5 11. c4 Be6 12. Nc3 Nxd4 13.
cxd5 Nxe2+ 14. Qxe2 Nxd5 15. Nxd5 Qxd5 16. Rfd1 Qb5 17.
Qh5+ g6 18. Qh4 Rg8 19. Rac1 h5 20. Qf6 Bf7 21. Rc7 Qd5 22. Rdc1 Rd8 23. h4 Qe6 24. Qc3 Bd6 25. Rxb7 f4 26. Nxe4 Kf8 27. Ng5 Qd5 28.
Rxf7+ Qxf7 29. Nxf7 Kxf7 30. Qc4+ Ke7 31. Re1+ Kd7 32. Rd1 Rge8 33. Ba3 Re6 34. Qxa6 1-0

[Event "Early-Titled-Tuesday-Blitz-February-27-2024"]
[Site "Chess.com"]
[Date "2024.02.27"]
[Round "8"]
[White "ural58"]
[Black "Mikhail_Bryakin"]
[Result "0-1"]
[WhiteElo "2493"]
[BlackElo "2757"]
[TimeControl "180+1"]
[EndTime "9:27:32 PST"]
[Termination "Mikhail_Bryakin won by resignation"]

1. e4 d5 2. exd5 Nf6 3. d4 Bg4 4. Bb5+ Nbd7 5. Be2 Bxe2 6. Qxe2 Nxd5 7. c4 N5f6 8. Nc3 g6 9. Bg5 Bg7 10. Nf3 O-O 11. O-O c6 12. Rfe1 Re8 13. h3 Qc7 14. Bh4 Nh5 15. Qe3 e5 16. d5 Nf4 17. Bg3 cxd5 18. cxd5 Nf6 19. Rad1 Rad8 20. Bxf4 exf4 21. Qxa7 Rxe1+ 22. Rxe1 Nxd5 23. Nxd5 Rxd5 24. Re8+ Bf8 25. Qa8 Qc5 26. Qxb7 Rd1+ 27. Re1 Rxe1+ 28. Nxe1 Qc1 29. Kf1 Bc5 30. Qf3 Qxb2 31. Qxf4 Qb5+ 32. Kg1 Qe2 33.
Qb8+ Kg7 34. Nd3 Bd4 35. Qg3 Qxa2 36. Kh2 Qe2 37. f4 Qe4 38. Qf3 Qxf3 39. gxf3 Kf6 40. Kg3 Kf5 41. Ne1 Be3 42. Ng2 Bc1 43. Nh4+ Kf6 44.
Ng2 Bd2 45. Nh4 Be1+ 0-1

[Event "Early-Titled-Tuesday-Blitz-February-27-2024"]
[Site "Chess.com"]
[Date "2024.02.27"]
[Round "8"]
[White "GeorgiosSouleidis"]
[Black "HajiyevKanan"]
[Result "1-0"]
[WhiteElo "2706"]
[BlackElo "2530"]
[TimeControl "180+1"]
[EndTime "9:27:32 PST"]
[Termination "GeorgiosSouleidis won by checkmate"]

1. e4 c6 2. Nc3 d5 3. Nf3 a6 4. d4 Bg4 5. h3 Bh5 6. g4 Bg6 7. exd5 cxd5 8. h4 Nc6 9. Ne5 Nxe5 10. dxe5 h5 11. Bg2 e6 12. g5 Qc7 13. Bf4 Bb4 14. Qd4 Bxc3+ 15. bxc3 Bxc2 16. Rc1 Bg6 17. c4 Qa5+ 18.
Bd2 Qa4 19. Qb6 Qc6 20. Qe3 Qd7 21. cxd5 exd5 22. O-O Ne7 23. Bb4 O-O 24. Qd2 Rfd8 25. Rfd1 d4 26. Bd6 d3 27. Rc7 Qg4 28. Rxe7 Be4 29. f3 Bxf3 30. Rf1 Be2 31. Rfxf7 Qxh4 32. Rxg7+ Kh8 33. Rh7+ Kg8 34. Reg7# 1-0

[Event "Early-Titled-Tuesday-Blitz-February-27-2024"]
[Site "Chess.com"]
[Date "2024.02.27"]
[Round "8"]
[White "Msb2"]
[Black "AlexeiShirov"]
[Result "1-0"]
[WhiteElo "3021"]
[BlackElo "2861"]
[TimeControl "180+1"]
[EndTime "9:27:34 PST"]
[Termination "Msb2 won on time"]

1. d4 d5 2. c4 c6 3. Nf3 Nf6 4. Nc3 e6 5. Qc2 dxc4 6. e4 b5 7. Be2 Bb7 8. O-O Be7 9. Rb1 a6 10. b3 c5 11. dxc5 cxb3 12. Rxb3 Nc6 13. Bf4 O-O 14.
Rd1 Qc8 15. e5 Nd5 16. Nxd5 exd5 17. Ng5 Bxg5 18. Bxg5 Nxe5 19. Rg3 Re8 20. h4 Qe6 21. h5 h6 22. Be3 Nc4 23. Bxc4 dxc4 24. Qc3 f6 25. Bxh6 Re7 26. Bxg7 Rxg7 27. h6 Rg4 28. Rd6 Qe4 29. Rd7 Qb1+ 30. Kh2 Qg6 31. Rg7+ Qxg7 32. hxg7 Rh4+ 33. Kg1 Rd8 34. f3 Rd1+ 35. Kf2 Rhh1 36. Qxf6 Rhf1+ 37. Ke3 Rfe1+ 38. Kf4 Re8 39. Rh3 1-0

[Event "Early-Titled-Tuesday-Blitz-February-27-2024"]
[Site "Chess.com"]
[Date "2024.02.27"]
[Round "8"]
[White "Chess_Gainz"]
[Black "JJDAREK"]
[Result "0-1"]
[WhiteElo "2513"]
[BlackElo "2426"]
[TimeControl "180+1"]
[EndTime "9:27:34 PST"]
[Termination "JJDAREK won by resignation"]

1. e4 d6 2. d4 g6 3. Nc3 Bg7 4.
Be3 a6 5. g4 b5 6. Bg2 Bb7 7.
h4 h5 8. gxh5 Rxh5 9. Bf3 Rh8 10.
h5 gxh5 11. e5 Qc8 12. e6 Nf6 13. exf7+ Kxf7 14. Nh3 e6 15. Rg1 Rg8 16. Bxh5+ Ke7 17.
Nf4 b4 18. Na4 Qd7 19. c3 bxc3 20. bxc3 Be4 21. Bf3 Bxf3 22. Qxf3 Qxa4 23. Qxa8 Qc2 24. Rc1 Qxa2 25. Qb7 Qc4 26. Qb4 Qc6 27. Rxg7+ Rxg7 28.
Qxb8 Rg1+ 29. Ke2 Rxc1 30. Bxc1 Qxc3 31. Qb2 Qc4+ 32. Nd3 Nd5 33. Kd2 a5 34. Qc2 Qxd4 35. Qxc7+ Nxc7 0-1

[Event "Early-Titled-Tuesday-Blitz-February-27-2024"]
[Site "Chess.com"]
[Date "2024.02.27"]
[Round "8"]
[White "gm_rashid"]
[Black "MikeSailer"]
[Result "1-0"]
[WhiteElo "2429"]
[BlackElo "2174"]
[TimeControl "180+1"]
[EndTime "9:27:34 PST"]
[Termination "gm_rashid won on time"]

1. e4 d5 2. exd5 Qxd5 3. d4 Nc6 4. Nf3 Bg4 5. Be2 O-O-O 6. c3 Nf6 7. O-O e5 8. h3 Bxf3 9. Bxf3 e4 10. Be2 Bd6 11. Be3 h5 12. c4 Qf5 13. d5 Ne5 14. Nc3 g5 15. Nb5 a6 16. Nxd6+ Rxd6 17. Qd4 h4 18. Bd2 g4 19. Bc3 Nf3+ 20. gxf3 gxf3 21. Qe5 Qxh3 22. Qh2 Rg8+ 23. Kh1 Qxh2+ 24. Kxh2 Ng4+ 25. Kh3 fxe2 26. Rg1 Nxf2+ 27. Kh2 Rdg6 28. Rxg6 Rxg6 29. Re1 f5 30. Rxe2 Ng4+ 31. Kh3 Kd7 32. Kxh4 Nh6 33. Kh5 Rb6 34. Bd4 1-0

[Event "Early-Titled-Tuesday-Blitz-February-27-2024"]
[Site "Chess.com"]
[Date "2024.02.27"]
[Round "8"]
[White "JonasEilenberg"]
[Black "N4700000"]
[Result "0-1"]
[WhiteElo "2544"]
[BlackElo "2475"]
[TimeControl "180+1"]
[EndTime "9:27:36 PST"]
[Termination "N4700000 won by resignation"]

1. e4 c5 2. Nf3 d6 3. Bb5+ Bd7 4. c4 Nf6 5. Nc3 Nc6 6. O-O g6 7. Bxc6 Bxc6 8. d4 cxd4 9. Nxd4 Bg7 10. Qe2 O-O 11.
Rd1 Qc7 12. b3 a5 13. a4 Nd7 14. Bb2 Qb6 15. Ndb5 Nc5 16. Nd5 Bxd5 17. exd5 Bf6 18. Bxf6 exf6 19. Qf3 f5 20. h4 h5 21. Kh2 Rfe8 22. Ra2 Re4 23. g3 Rae8 24. Rdd2 Qd8 25. Qc3 f4 26. Rd4 fxg3+ 27. Qxg3 Rxd4 28. Nxd4 Re4 29.
Nf3 Qf6 30. Rd2 Rf4 31. Ng5 Rg4 32. Qh3 Qf4+ 33. Kh1 Qxd2 34. Qf3 Qe1+ 35. Kh2 Rxh4+ 36. Kg3 Rg4+ 37. Kh2 Rxg5 0-1

[Event "Early-Titled-Tuesday-Blitz-February-27-2024"]
[Site "Chess.com"]
[Date "2024.02.27"]
[Round "8"]
[White "Kimkibo"]
[Black "toninhojit"]
[Result "1-0"]
[WhiteElo "2201"]
[BlackElo "2455"]
[TimeControl "180+1"]
[EndTime "9:27:36 PST"]
[Termination "Kimkibo won by resignation"]

1. d4 Nf6 2. c4 c5 3. d5 e6 4. Nc3 exd5 5. cxd5 d6 6. e4 g6 7. f4 Bg7 8. Nf3 O-O 9. Bd3 Bg4 10. O-O Nbd7 11. h3 Bxf3 12. Qxf3 a6 13. a4 Qc7 14. Re1 c4 15. Bc2 b5 16. Be3 b4 17. Ne2 b3 18.
Bb1 Rfe8 19. Nc3 Nc5 20. Bd4 Nfd7 21. Bxg7 Kxg7 22. e5 dxe5 23. f5 e4 24. Bxe4 Nf6 25.
d6 Qb6 26. Bxa8 Nd3+ 27. Kf1 Nxe1 28. Rxe1 Rxe1+ 29. Kxe1 Qxd6 30. fxg6 hxg6 31. Nd5 Qe5+ 32. Kd1 Ne4 33. Qe3 f5 34. Nc3 Qd6+ 35. Bd5 Nf6 36.
Qd4 Kh6 37. Qxc4 Qe5 38. Qxb3 Qd4+ 39. Kc1 a5 40. Qd1 Qe3+ 41. Qd2 Qxd2+ 42. Kxd2 Kg5 43. Bf3 Kf4 44. Nd5+ 1-0